 Dungeon Crawl Stone Soup version 0.22-a0-159-g7ce444f (webtiles) character file.

193 mhoghedin the Stinger (level 5, 0/38 HPs)
             Began as a Draconian Venom Mage on Feb 9, 2018.
             Was a Follower of Vehumet.
             Slain by a wight
             ... wielding a cursed +1 long sword of electrocution
              (9 damage)
             ... on level 4 of the Dungeon.
             The game lasted 00:06:45 (3441 turns).

mhoghedin the Stinger (Draconian Venom Mage)        Turns: 3441, Time: 00:06:46

Health: 0/38       AC:  5    Str: 10    XL:     5   Next: 44%
Magic:  9/9        EV: 12    Int: 17    God:    Vehumet [*.....]
Gold:   138        SH:  0    Dex: 11    Spells: 0/10 levels left

rFire    . . .     SeeInvis .   a - +3 whip
rCold    . . .     Gourm    .   (no shield)
rNeg     . . .     Faith    .   (armour unavailable)
rPois    .         Spirit   .   (helmet restricted)
rElec    .         Reflect  .   (no cloak)
rCorr    .         Harm     .   (no gloves)
MR       .....                  (no boots)
Stlth    ++........             (no amulet)
HPRegen  0.12/turn              (no ring)
MPRegen  0.11/turn              (no ring)

@: hasted, drained, very quick
A: unfitting armour, cold-blooded, AC +5
a: Renounce Religion


You were on level 4 of the Dungeon.
You worshipped Vehumet.
Vehumet was aware of your devotion.
You were hungry.

You visited 1 branch of the dungeon, and saw 4 of its levels.

You collected 138 gold pieces.

Inventory:

Hand Weapons
 a - a +3 whip (weapon)
   (You found it on level 1 of the Dungeon)
Missiles
 r - a throwing net {=f, !d}
Armour
 w - a +0 buckler
   (You found it on level 3 of the Dungeon)
Magical Staves
 b - an uncursed staff of air {rElec}
   (You found it on level 3 of the Dungeon)
Wands
 u - a wand of random effects (11)
   (You found it on level 3 of the Dungeon)
Scrolls
 c - 2 scrolls of fog {unknown}
 d - 2 scrolls of teleportation {unknown}
 f - a scroll of magic mapping {unknown}
 k - 3 scrolls of blinking {unknown}
 l - a scroll of immolation {!r}
 n - a scroll of enchant armour {unknown}
 t - a scroll of enchant weapon {unknown}
Potions
 g - a potion of magic {unknown}
 h - a potion of mutation {unknown}
 i - 2 potions of heal wounds {unknown}
 m - 3 potions of brilliance {unknown}
 o - 3 potions of degeneration {!q}
 p - a potion of resistance {unknown}
 q - a potion of lignification {unknown}
 s - 2 potions of haste
 v - 2 potions of flight {unknown}
 x - 2 potions of curing {unknown}
Books
 j - a Young Poisoner's Handbook
Comestibles
 e - 6 rations


   Skills:
 - Level 1.7(1.5) Maces & Flails
 - Level 1.7(1.5) Dodging
 - Level 1.7(1.5) Stealth
 + Level 3.2(2.9) Spellcasting
 + Level 2.9(2.7) Conjurations
 + Level 4.1(3.8) Poison Magic


You couldn't memorise any spells.
You knew the following spells:

 Your Spells              Type           Power        Failure   Level  Hunger
a - Sting                 Conj/Pois      ##..         4%          1    None
b - Poisonous Vapours     Pois/Air       #.....       12%         2    ##.....
c - Olgreb's Toxic Radia  Pois           ###.....     34%         4    ####...
x - Mephitic Cloud        Conj/Pois/Air  #.......     22%         3    ###....


Dungeon Overview and Level Annotations

Branches:
Dungeon (4/15)
 Temple: D:4-7

Altars:
Elyvilon
Ru
Sif Muna
Vehumet
Wu Jian
Xom


Innate Abilities, Weirdness & Mutations

Your plain brown scales are hard. (AC +5)
You cannot fit into any form of body armour.
You are cold-blooded and may be slowed by cold attacks.


Message History

No target in view!
No target in view!
No target in view!
No target in view!
This spell is quite dangerous to cast!
Memorise Olgreb's Toxic Radiance, consuming 4 spell levels and leaving 0?
You start memorising the spell.
You continue memorising. x4
You finish memorising.
Spell assigned to 'c'.
An adder comes into view.
An adder is nearby!
The helpless adder fails to defend itself.
You hit the adder. The adder barely misses you.
You hit the adder.
You tail-slap the adder, but do no damage.
The adder bites you but does no damage. The adder bites you.
You take 2 damage, and have 36/38 hp.
You hit the adder.
You kill the adder!
Vehumet accepts your kill.
No target in view!
No target in view!
No target in view!
m - 3 smoky dark potions (gained 2)
Found an escape hatch in the ceiling.
Health restored: 38
There is an escape hatch in the ceiling here.
i - 2 fuming purple potions (gained 1)
You are feeling hungry.
You see here a quokka corpse.
An adder skeleton comes into view.
An adder skeleton is nearby!
The adder skeleton closely misses you.
You hit the adder skeleton. The adder skeleton bites you.
You take 2 damage, and have 36/38 hp.
You hit the adder skeleton.
The adder skeleton bites you but does no damage.
The adder skeleton barely misses you.
You whack the adder skeleton!
You destroy the adder skeleton!
Vehumet accepts your kill.
No target in view!
No target in view!
No target in view!
No target in view!
No target in view!
No target in view!
No target in view!
A ball python comes into view.
A ball python is nearby!
The ball python hisses angrily.
The ball python bites you. The ball python grabs you.
The ball python constricts you.
You take 2 damage, and have 35/38 hp.
You whack the ball python!
You kill the ball python!
Vehumet accepts your kill.
No target in view!
No target in view!
You see here a ball python corpse.
k - 3 scrolls labeled KUTEGG BESONEV (gained 1)
You now have 138 gold pieces (gained 12).
g - a sedimented coppery potion You regained 2 hp, and now have 37/38 hp.
You see here 22 sling bullets. 2 wights come into view.
A wight is wielding a long sword of freezing.
A wight is wielding a long sword of electrocution.
Found a blowgun.
Found a stone staircase leading down.
Health restored: 38
Okay, then.
Unknown command.
Unknown command.
Okay, then.
Unknown command.
You don't have any such object.
You don't have any such object.
You don't have any such object.
Aim: a wight, wielding a long sword of electrocution and wearing a robe The wight seems to speed up.
A wight comes into view. It is wielding a hand axe.
The wight moves out of view.
The wight hits you with a long sword of electrocution!
You are electrocuted!
You take 25 damage, and have 13/38 hp.
MASSIVE DAMAGE!!
Unknown command.
Aim: a wight, wielding a long sword of electrocution and wearing a robe (fast)
The bolt of poison hits the wight.
The wight completely resists.
The wight barely misses you.
Aim: a wight, wielding a long sword of electrocution and wearing a robe (fast)
The wight flickers and vanishes!
Deactivating autopickup; reactivate with Ctrl-A.
Something hits you.
* * * LOW HITPOINT WARNING * * *
You feel drained.
A wight comes into view. It is wielding a falchion of freezing.
You take 4 damage, and have 9/38 hp.
Unknown command.
You feel yourself speed up. Something hits you!
You die...

#. #. #.
#. #. #.
#.######
#z{@...#
#z####.#
.z. #.#
##.. #.#
#). #.#
#.> #.#
### #.#
#(# #.#


You could see 3 wights.

Vanquished Creatures
  An orc priest (D:3)
  2 orc wizards (D:3)
  3 adders
  An adder skeleton (D:4)
  A worm (D:3)
  A dart slug (D:1)
  3 leopard geckos
  11 orcs
  A bat (D:1)
  A giant cockroach (D:2)
  4 goblins
  8 hobgoblins
  5 jackals
  7 kobolds
  2 quokkas
  3 ball pythons
  3 frilled lizards
  6 rats
63 creatures vanquished.

Notes
Turn   | Place    | Note
-------+----------+-------------------------------------------
     0 | D:1      | mhoghedin the Draconian Venom Mage began the quest for the Orb.
     0 | D:1      | Reached XP level 1. HP: 14/14 MP: 3/3
   364 | D:1      | Reached XP level 2. HP: 20/20 MP: 1/5
  1188 | D:2      | Learned a level 2 spell: Poisonous Vapours
  1205 | D:2      | Reached XP level 3. HP: 14/26 MP: 3/6
  1541 | D:2      | Found a radiant altar of Vehumet.
  1676 | D:2      | Reached skill level 2 in Conjurations
  1693 | D:2      | Became a worshipper of Vehumet
  1809 | D:2      | Found a faded altar of an unknown god.
  1878 | D:2      | Learned a level 3 spell: Mephitic Cloud
  1892 | D:2      | Reached skill level 1 in Maces & Flails
  2173 | D:3      | Reached XP level 4. HP: 21/33 MP: 3/8
  2388 | D:3      | Reached skill level 3 in Spellcasting
  2574 | D:3      | Found a shimmering altar of Xom.
  2577 | D:3      | Found a white marble altar of Elyvilon.
  2663 | D:3      | Reached * piety under Vehumet
  2663 | D:3      | Offered knowledge of Shock by Vehumet.
  2813 | D:3      | Found an ornate altar of the Wu Jian Council.
  2813 | D:3      | Found a sacrificial altar of Ru.
  2814 | D:3      | Found a deep blue altar of Sif Muna.
  2832 | D:3      | Reached XP level 5. HP: 38/38 MP: 7/9
  2894 | D:3      | Found a sacrificial altar of Ru.
  2997 | D:3      | Reached skill level 4 in Poison Magic
  3311 | D:4      | Learned a level 4 spell: Olgreb's Toxic Radiance
  3440 | D:4      | HP: 9/38 [something (4)]
  3441 | D:4      | Slain by a wight

Vault maps used:
D:1:      dpeg_arrival_stonehenge_8_columns
D:2:      lemuel_crystal_altar, nicolae_overflow_crystal_walls, first_ration,
          chequers_ecumenical_altar_grove, minmay_split_cup_large
D:3:      nicolae_overflow_hidden_temple, gammafunk_temple_overflow_claw,
          nicolae_ru_sacrificial_ziggurat

Skill      XL: |  1  2  3  4  5 |
---------------+----------------+-----
Conjurations   | 2 |  2.9
Maces & Flails | 1 |  1.7
Spellcasting   | 3 |  3.2
Poison Magic   | 4 |  4.1
Dodging        | |  1.7
Stealth        | |  1.7

Action                   |  1- 3 |  4- 6 || total
-------------------------+-------+-------++-------
Melee: Whip              |    79 |    50 ||   129
       Tailslap          |     5 |     6 ||    11
 Cast: Sting             |    30 |    12 ||    42
       Poisonous Vapours |     3 |     5 ||     8
Evoke: Wand              |       |     3 ||     3
  Use: Scroll            |       |     3 ||     3
       Potion            |       |     1 ||     1
 Stab: Sleeping          |     1 |     2 ||     3
  Eat: Chunk             |     4 |     4 ||     8
Armor: Skin              |    21 |    12 ||    33
Dodge: Dodged            |    60 |    39 ||    99

Table legend:
 A = Spawn XP
 B = Non-spawn XP
 C = Spawn XP percentage of total XP
 D = Spawn monster count
 E = Non-spawn monster count
 F = Spawn count percentage of total count
 G = Total turns spent on level
                    A         B        C        D         E        F      G
               +---------+---------+-------+---------+---------+-------+---------
         Total |       0 |     277 |   0.0 |       0 |      63 |   0.0 |  3441
               +---------+---------+-------+---------+---------+-------+---------
           D:1 |       0 |      20 |   0.0 |       0 |      11 |   0.0 |   982
           D:2 |       0 |      61 |   0.0 |       0 |      25 |   0.0 |  1058
           D:3 |       0 |     175 |   0.0 |       0 |      23 |   0.0 |  1259
           D:4 |       0 |      21 |   0.0 |       0 |       4 |   0.0 |   142
               +---------+---------+-------+---------+---------+-------+---------

Vault maps used:
D:1:      dpeg_arrival_stonehenge_8_columns
D:2:      lemuel_crystal_altar, nicolae_overflow_crystal_walls, first_ration,
          chequers_ecumenical_altar_grove, minmay_split_cup_large
D:3:      nicolae_overflow_hidden_temple, gammafunk_temple_overflow_claw,
          nicolae_ru_sacrificial_ziggurat

Table legend:
 A = Turns spent in this place as a percentage of turns spent in the entire game.
 B = Non-inter-level travel turns spent in this place as a percentage of non-inter-level travel turns spent in the entire game.
 C = Inter-level travel turns spent in this place as a percentage of turns spent in this place.
 D = Turns resting spent in this place as a percentage of non-inter-level travel turns spent in this place.
 E = Turns spent auto-exploring this place as a percentage of non-inter-level travel turns spent in this place.
 F = Non-inter-level travel turns spent in this place divided by the number of levels of this place that you've seen.
                   A       B       C       D       E      F
               +-------+-------+-------+-------+-------+----------------------
         Total | 100.0 | 100.0 |   4.0 |  27.5 |  56.5 | 825.8
       Dungeon | 100.0 | 100.0 |   4.0 |  27.5 |  56.5 | 825.8
               +-------+-------+-------+-------+-------+----------------------

Table legend:
 A = Kills in this place as a percentage of kills in entire the game.
 B = Kills by you in this place as a percentage of kills by you in the entire game.
 C = Kills by friends in this place as a percentage of kills by friends in the entire game.
 D = Other kills in this place as a percentage of other kills in the entire game.
 E = Experience gained in this place as a percentage of experience gained in the entire game.
 F = Experience gained in this place divided by the number of levels of this place that you have seen.
                   A       B       C       D       E      F
               +-------+-------+-------+-------+-------+----------------------
         Total | 100.0 | 100.0 |   N/A |   N/A | 100.0 |  69.2
       Dungeon | 100.0 | 100.0 |   N/A |   N/A | 100.0 |  69.2
               +-------+-------+-------+-------+-------+----------------------
